 Dungeon Crawl Stone Soup version 0.28.0-47-ge53b351184 (webtiles) character file.

Game seed: 8717090454276762299

95 safid the Chopper (level 4, -2/40 HPs)
             Began as a Hill Orc Fighter on May 2, 2022.
             Slain by a gnoll
             ... wielding a +0 halberd
              (9 damage)
             ... on level 2 of the Dungeon.
             The game lasted 00:03:07 (2243 turns).

safid the Chopper (Hill Orc Fighter)                Turns: 2243, Time: 00:03:08

Health: -2/40      AC:  7    Str: 20    XL:     4   Next: 65%
Magic:  4/4        EV:  9    Int:  8    God:
Gold:   134        SH:  4    Dex: 10    Spells: 3/3 levels left

rFire   . . .      SeeInvis .   a - +0 war axe
rCold   . . .      Faith    .   c - +0 buckler
rNeg    . . .      Spirit   .   b - +0 scale mail
rPois   .          Reflect  .   (no helmet)
rElec   .          Harm     .   (no cloak)
rCorr   .          Rampage  .   (no gloves)
Will    .....                   (no boots)
Stlth   ..........              (no amulet)
HPRegen 0.13/turn               (no ring)
MPRegen 0.09/turn               (no ring)

@: no status effects
A: no striking features
a: no special abilities


You were on level 2 of the Dungeon.
You visited 1 branch of the dungeon, and saw 2 of its levels.

You collected 134 gold pieces.

Inventory:

Hand Weapons
 a - a +0 war axe (weapon)
Armour
 b - a +0 scale mail (worn)
 c - a +0 buckler (worn)
Scrolls
 g - a scroll of enchant armour {unknown}
 h - a scroll of fog {unknown}
 j - a scroll of identify {unknown}
 k - a scroll of blinking {unknown}
Potions
 d - a potion of lignification {unknown}
 e - a potion of invisibility {unknown}
 f - a potion of brilliance {unknown}
 i - a potion of resistance {unknown}


   Skills:
 - Level 4.0 Fighting
 + Level 4.6 Axes
 - Level 4.0 Armour
 - Level 4.0 Shields


You had 3 spell levels left.
You didn't know any spells.
Your spell library was empty.

Dungeon Overview and Level Annotations

Branches:
Dungeon (2/15)

Altars:

Shops:
D:1 [**


Message History

No target in view!
No target in view!
A gnoll is nearby!
The gnoll shouts!
The gnoll hits you from afar with a +0 halberd.
The gnoll hits you with a +0 halberd!
You closely miss the gnoll. The gnoll hits you with a +0 halberd.
You block the gnoll's attack.
You hit the gnoll.
The gnoll is moderately wounded.
The gnoll hits you with a +0 halberd!
* * * LOW HITPOINT WARNING * * *
You are too injured to fight recklessly!
You are too injured to fight recklessly!
You are too injured to fight recklessly!
You are too injured to fight recklessly!
You are too injured to fight recklessly!
You are too injured to fight recklessly!
You are too injured to fight recklessly!
You are too injured to fight recklessly!
You are too injured to fight recklessly!
You are too injured to fight recklessly!
You are too injured to fight recklessly!
You are too injured to fight recklessly!
You are too injured to fight recklessly!
You are too injured to fight recklessly!
You are too injured to fight recklessly!
You are too injured to fight recklessly!
You are too injured to fight recklessly!
You are too injured to fight recklessly!
You are too injured to fight recklessly!
You are too injured to fight recklessly!
You hit the gnoll.
The gnoll is severely wounded.
The gnoll hits you with a +0 halberd.
* * * LOW HITPOINT WARNING * * *
You hit the gnoll.
The gnoll is almost dead.
The gnoll hits you with a +0 halberd!
You die...

#.##^..#.#######.# #.#
#.##..#.## #.#
#.##..#.# #.#
........########.# #.#
#................# #.#
....<.....)####### #.#
####.####..# #†#
.....####..#########.#
###............g@....#
##..###..###########
##.###..# ####...##..#
...........#
####...###.#
#####.####.#
...........#
############


You could see a gnoll.

Vanquished Creatures
  3 adders (D:2)
  A gnoll (D:2)
  A dart slug (D:1)
  3 ball pythons
  7 endoplasms
  3 giant cockroaches
  4 goblins
  5 hobgoblins
  9 jackals (D:2)
  2 kobolds (D:1)
  2 quokkas
  5 bats
  A frilled lizard (D:1)
  2 rats (D:1)
48 creatures vanquished.

Notes
Turn   | Place    | Note
-------+----------+-------------------------------------------
     0 | D:1      | safid the Hill Orc Fighter began the quest for the Orb.
     0 | D:1      | Reached XP level 1. HP: 19/19 MP: 1/1
   172 | D:1      | Found Wifej's General Store.
   233 | D:1      | Found Foelo's Assorted Antiques.
   300 | D:1      | Reached XP level 2. HP: 22/27 MP: 2/2
   463 | D:1      | Found Hoggitus's Antique Armour Boutique.
   694 | D:1      | Found a faded altar of an unknown god.
   736 | D:1      | Reached XP level 3. HP: 33/33 MP: 3/3
  1327 | D:2      | Reached XP level 4. HP: 14/40 MP: 4/4
  2243 | D:2      | Slain by a gnoll

Illustrated notes

Levels and vault maps discovered:
D:1:      giann_forest_graveyard, layout_basic, ebering_ecumenical_altar_rust,
          serial_shops, shop, nicolae_shop_crystal, shop_coins,
          hangedman_decor_points, grunt_decor_one_mirror
D:2:      layout_loops_ring

Skill      XL: |  1  2  3  4 |
---------------+-------------+-----
Axes           | 3 4 |  4.6
Fighting       | 4 |  4.0
Armour         | 4 |  4.0
Shields        | 4 |  4.0

Action                   |  1- 3 |  4- 6 || total
-------------------------+-------+-------++-------
Melee: War axe           |    81 |    71 ||   152
  Use: Potion            |     1 |       ||     1
Armor: Scale mail        |    42 |    32 ||    74
Dodge: Dodged            |    36 |    41 ||    77
Block: Buckler           |    23 |    15 ||    38
